 Dungeon Crawl Stone Soup version 0.26-a0-412-ga3d1f51b80 (webtiles) character file.

Game seed: 3574571511275100966

284 KristoblXynda the Slasher (level 6, 0/52 HPs)
             Began as a Draconian Gladiator on July 24, 2020.
             Succumbed to a scorpion's poison
             ... on level 4 of the Dungeon.
             The game lasted 00:04:22 (2515 turns).

KristoblXynda the Slasher (Draconian Gladiator)     Turns: 2515, Time: 00:04:23

Health: 0/52       AC:  8    Str: 17    XL:     6   Next: 7%
Magic:  6/6        EV: 13    Int: 10    God:
Gold:   90         SH:  0    Dex: 12    Spells: 5/5 levels left

rFire    . . .     SeeInvis .   a - +0 long sword
rCold    . . .     Faith    .   (no shield)
rNeg     . . .     Spirit   .   (armour unavailable)
rPois    .         Reflect  .   b - +1 hat
rElec    .         Harm     .   (no cloak)
rCorr    +                      o - +0 pair of gloves
MR       .....                  (no boots)
Stlth    +.........             (no amulet)
HPRegen  0.17/turn              m - ring of resist corrosion
MPRegen  0.10/turn              (no ring)

@: lethally poisoned (0 -> -3)
A: unfitting armour, cold-blooded, AC +6
a: no special abilities


You were on level 4 of the Dungeon.
You visited 1 branch of the dungeon, and saw 4 of its levels.

You collected 90 gold pieces.

Inventory:

Hand Weapons
 a - a +0 long sword (weapon)
Missiles
 c - 4 throwing nets (quivered)
Armour
 b - a +1 hat (worn)
 o - a +0 pair of gloves (worn)
Jewellery
 h - an uncursed ring of protection from cold {unknown}
 m - a ring of resist corrosion (left hand)
Scrolls
 d - 3 scrolls of remove curse
 l - a scroll of immolation
 q - a scroll of identify
Potions
 e - a potion of cancellation
 f - a potion of stabbing
 k - a potion of flight


   Skills:
 + Level 3.7 Fighting
 * Level 5.2 Long Blades
 - Level 2.0 Throwing
 + Level 3.9 Dodging


You had 5 spell levels left.
You didn't know any spells.
Your spell library was empty.

Dungeon Overview and Level Annotations

Branches:
Dungeon (3/15)

Altars:
Nemelex Xobeh
The Shining One

Shops:
D:4 [

Annotations:
D:4 Edmund


Innate Abilities, Weirdness & Mutations

Your plain brown scales are hard. (AC +6)
You cannot fit into any form of body armour.
You are cold-blooded and may be slowed by cold attacks.


Message History

You feel clever.
Your scales feel tougher.
* * * LOW HITPOINT WARNING * * *
You feel sick.
Unknown command.
You feel better. The scorpion stings you.
* * * LOW HITPOINT WARNING * * *
You are lethally poisoned!
The scorpion poisons you!
The orc hits you from afar with a +0 trident.
* * * LOW HITPOINT WARNING * * *
* * * LOW HITPOINT WARNING * * *
You feel sick.
Unknown command.
* * * LOW HITPOINT WARNING * * *
You feel sick.
* * * LOW HITPOINT WARNING * * *
You feel sick.
* * * LOW HITPOINT WARNING * * *
You feel sick.
You die...

.. ... #.#####.#
###.......#
#.........#
#.........#
#.........#
#.........#
#........@#
###.(.....#
#.⌠.⌠####s# #
#..∩.# #.# #.
#.⌠.⌠# #o#
.#.##.#.## #.#
....#...#####o#
.........@o.†..#
..#......Z######


You could see a scorpion and 2 orcs.

Vanquished Creatures
  A scorpion (D:4)
  Natasha (twice) (D:2)
  A worker ant (D:4)
  10 adders
  2 worms
  3 leopard geckos
  A ball python (D:4)
  4 bats
  A giant cockroach (D:1)
  6 goblins
  5 hobgoblins
  5 jackals
  2 quokkas
  5 frilled lizards
  9 kobolds
  9 rats
66 creatures vanquished.

Notes
Turn   | Place    | Note
-------+----------+-------------------------------------------
     0 | D:1      | KristoblXynda the Draconian Gladiator began the quest for
                  | the Orb.
     0 | D:1      | Reached XP level 1. HP: 17/17 MP: 1/1
   186 | D:1      | Reached XP level 2. HP: 24/24 MP: 2/2
   670 | D:1      | Found a sparkling altar of Nemelex Xobeh.
   834 | D:2      | Reached XP level 3. HP: 25/30 MP: 3/3
   892 | D:2      | Noticed Natasha
   896 | D:2      | Killed Natasha
   991 | D:2      | Reached XP level 4. HP: 28/37 MP: 4/4
  1098 | D:2      | Found a glowing golden altar of the Shining One.
  1104 | D:2      | Reached skill level 4 in Long Blades
  1908 | D:2      | Noticed Natasha
  1912 | D:2      | Killed Natasha
  1912 | D:2      | Reached XP level 5. HP: 45/45 MP: 5/5
  2402 | D:3      | You fall into a shaft and drop 1 floor!
  2402 | D:4      | Found Hejior's Armour Shop.
  2402 | D:4      | Noticed Edmund
  2496 | D:4      | Reached skill level 5 in Long Blades
  2507 | D:4      | Reached XP level 6. HP: 4/52 MP: 6/6
  2510 | D:4      | HP: 2/52 [poisoned by a scorpion]
  2515 | D:4      | Succumbed to a scorpion's poison

Illustrated notes

Levels and vault maps discovered:
D:1:      dpeg_arrival_pits, layout_basic, grunt_decor_resistance,
          nemelex_diamond_rough_becter
D:2:      layout_basic, nicolae_tso_carved_into_rock, uniq_natasha
D:3:      layout_rooms
D:4:      layout_basic, serial_shops, shop_fountains, minmay_misc_feat_hallway,
          minmay_circle_x, uniq_ijyb, uniq_edmund, uniq_eustachio

Skill      XL: |  1  2  3  4  5 |
---------------+----------------+-----
Throwing       | 2 |  2.0
Dodging        | 3 |  3.9
Long Blades    | 4 5 |  5.2
Fighting       | 3 |  3.7

Action                   |  1- 3 |  4- 6 || total
-------------------------+-------+-------++-------
Melee: Long sword        |    77 |   123 ||   200
       Tailslap          |    20 |    15 ||    35
  Use: Scroll            |       |    11 ||    11
       Potion            |       |     1 ||     1
Armor: Skin              |    25 |    46 ||    71
Dodge: Dodged            |    72 |   111 ||   183
       Rpst.: Long sword |    23 |    40 ||    63

Table legend: (Time is in decaauts)
 A = Elapsed time spent in this place.
 B = Non-inter-level travel time spent in this place.
 C = Inter-level travel time spent in this place.
 D = Time resting spent in this place.
 E = Time spent auto-exploring this place.
 F = Levels seen in this place.
 G = Mean time per level.
                   A        B        C        D        E       F      G
               +--------+--------+--------+--------+--------+-----+--------+
         Total |   2552 |   2526 |     26 |    976 |    894 |   4 |  638.0 |
       Dungeon |   2552 |   2526 |     26 |    976 |    894 |   4 |  638.0 |
               +--------+--------+--------+--------+--------+-----+--------+

Top non-repeatable levels by time:
     D:2: 1314 daAuts
     D:1: 700 daAuts
     D:3: 419 daAuts
     D:4: 118 daAuts
